 Dungeon Crawl Stone Soup version 0.30-a0-737-gf23d94013f (webtiles) character file.

Game seed: 8290380311212773490

0 Legacy the Trooper (level 1, 20/20 HPs)
             Began as a Minotaur Monk on Feb 2, 2023.
             Quit the game on level 1 of the Dungeon.
             The game lasted 00:00:20 (100 turns).

Legacy the Trooper (Minotaur Monk)                   Turns: 100, Time: 00:00:21

Health: 20/20      AC:  2    Str: 15    XL:     1   Next: 8%
Magic:  0/0        EV: 12    Int:  7    God:
Gold:   0          SH:  0    Dex: 12    Spells: 0/0 levels left

rFire   . . .      SeeInvis .    a - +1 hand axe
rCold   . . .      Faith    .    (no shield)
rNeg    . . .      Spirit   .    b - +0 robe
rPois   .          Reflect  .    (helmet restricted)
rElec   .          Harm     .    (no cloak)
rCorr   .          Rampage  .    (no gloves)
Will    .....                    (no boots)
Stlth   ++                       (no amulet)
HPRegen 0.23/turn                (no ring)
MPRegen 0.07/turn                (no ring)

@: no status effects
A: horns 2, retaliatory headbutt
a: no special abilities


You were on level 1 of the Dungeon.
You visited 1 branch of the dungeon, and saw 1 of its levels.

Inventory:

Hand Weapons
 a - a +1 hand axe (weapon)
Armour
 b - a +0 robe (worn)
Scrolls
 f - a scroll of teleportation
Potions
 c - a potion of ambrosia


   Skills:
 + Level 3.7 Fighting
 - Level 3.6 Axes
 - Level 3.2 Dodging
 - Level 1.5 Stealth


You couldn't memorise any spells.
You didn't know any spells.
Your spell library was empty.

Dungeon Overview and Level Annotations

Branches:
Dungeon (1/15)

Altars:


Innate Abilities, Weirdness & Mutations

You have a pair of horns on your head.
You reflexively headbutt those who attack you in melee.


Message History

Found an escape hatch in the floor.
There is an open door here.
There is an escape hatch in the floor here.
There is an escape hatch in the floor here.
There is an open door here.
You enter the shallow water.
Moving in this stuff is going to be slow.
Found a scroll labelled MUOFEIC ZOTH.
You open the door.
Found an escape hatch in the floor.
There is an open door here.
There is an escape hatch in the floor here.
There is an escape hatch in the floor here.
There is an open door here.
A bat comes into view.
The bat hits you but does no damage.
Found a bubbling dark potion.
The bat hits you. The bat hits you but does no damage.
The bat hits you but does no damage. The bat hits you.
The bat attacks as you move away! The bat closely misses you. x2
The bat hits you.
You see here a scroll labelled MUOFEIC ZOTH.
You closely miss the bat. Your headbutt misses the bat.
The bat barely misses you. You furiously retaliate!
You headbutt the bat!
You kill the bat!
g - a scroll labelled MUOFEIC ZOTH The air fills with toxic fumes!
As you read the scroll labelled OLLYURILOL, it crumbles to dust.
It was a scroll of poison.
Unknown command.
As you read the scroll labelled XONODUC LOYN, it crumbles to dust.
It is a scroll of identify.
f - a scroll of teleportation
As you read the scroll labelled MUOFEIC ZOTH, it crumbles to dust.
It is a scroll of enchant weapon.
Your +0 hand axe glows red for a moment.
Are you sure you want to abandon this character and quit the game? (Confirm with "yes".)
Okay, then.
Are you sure you want to abandon this character and quit the game? (Confirm with "yes".)

#.....#.....~~~~≈≈≈≈≈ ~§§
#.>...'§§§§§~≈~≈≈≈≈≈≈
~§§§#.....#§§§§§~~~≈≈≈≈≈≈
~§§§##...##§§§§§~≈≈≈≈≈≈≈≈
.§§§§#####§§§§§§≈≈≈≈≈≈≈≈≈
.§§§§§§§§§§§§§§§~≈≈≈≈≈~~~
#§§§§§§§§§§§§§§§~~~~~~~~~
.§§§§§§§§§§§§§§§..~~~~.
#§§§@§§§§§§§.......
######§#§####### #.§§#
#.### !.# .#.# #.#.# #
#.#


There were no monsters in sight!

Vanquished Creatures
  A bat (D:1)
1 creature vanquished.

Notes
Turn   | Place    | Note
-------+----------+-------------------------------------------
     0 | D:1      | Legacy the Minotaur Monk began the quest for the Orb.
     0 | D:1      | Reached XP level 1. HP: 19/19 MP: 0/0
   100 | D:1      | Quit the game

Illustrated notes

Levels and vault maps discovered:
D:1:      minmay_arrival_shoal_huts, layout_loops_ring, serial_aquarium,
          aquarium_bridge_straight [aquarium_subvault_bridge,
          aquarium_subvault_wall, aquarium_subvault_bridge,
          aquarium_subvault_balcony], aquarium_bridge_square
          [aquarium_subvault_wall, aquarium_subvault_wall,
          aquarium_subvault_bridge, aquarium_subvault_window],
          aquarium_window_fake, aquarium_window_fake, aquarium_window_2,
          aquarium_window_1, aquarium_view_2f

Action                     || total
---------------------------++-------
  Melee: Hand axe          ||     1
    Use: Scroll            ||     3
 Armour: Robe              ||     3
  Dodge: Dodged            ||     3

Table legend: (Time is in decaauts)
 A = Elapsed time spent in this place.
 B = Non-inter-level travel time spent in this place.
 C = Inter-level travel time spent in this place.
 D = Time resting spent in this place.
 E = Time spent auto-exploring this place.
 F = Levels seen in this place.
 G = Mean time per level.
                   A        B        C        D        E       F      G
               +--------+--------+--------+--------+--------+-----+--------+
         Total |    103 |    103 |      0 |      0 |      0 |   1 |  103.0 |
       Dungeon |    103 |    103 |      0 |      0 |      0 |   1 |  103.0 |
               +--------+--------+--------+--------+--------+-----+--------+

Top non-repeatable levels by time:
     D:1: 103 daAuts
